 Dungeon Crawl Stone Soup version 0.16.1-14-g82efdee (webtiles) character file.

301 KarvaRausku the Chopper (level 6, -1/44 HPs)
             Began as a Human Wanderer on Apr 14, 2015.
             Was an Initiate of Okawaru.
             Slain by a phantom (3 damage)
             ... on level 4 of the Dungeon.
             The game lasted 00:06:05 (2740 turns).

KarvaRausku the Chopper (Human Wanderer)            Turns: 2740, Time: 00:06:06

Health: -1/44      AC:  9    Str: 18    XL:     6   Next: 64%
Magic:  8/8        EV:  7    Int: 12    God:    Okawaru [......]
Gold:   149        SH:  0    Dex: 14    Spells: 0 memorised, 7 levels left

rFire  + + .     SeeInvis +     a - +2 spear
rCold  + . .     Clarity  .     u - +0 chain mail
rNeg   . . .     SustAb   .     (no shield)
rPois  +         Gourm    .     (no helmet)
rElec  +         Spirit   .     l - +0 cloak
rCorr  +         Warding  .     (no gloves)
rMut   .         Stasis   .     (no boots)
MR     .....                    (no amulet)
Stlth  ..........               t - ring of protection from fire
                                i - ring of see invisible

@: mighty, lethally poisoned (-1 -> -4), resistant, very slightly contaminated,
hasted, very quick, not resistant to hostile enchantments, extremely unstealthy
A: no striking features
a: Renounce Religion


You were on level 4 of the Dungeon.
You worshipped Okawaru.
Okawaru was noncommittal.
You were not hungry.

You visited 1 branch of the dungeon, and saw 4 of its levels.

You collected 149 gold pieces.

Inventory:

Hand weapons
 a - a +2 spear (weapon)
 o - a +0 hand axe
 r - a +2 trident of freezing
Armour
 d - a +0 robe
 j - a +0 ring mail
 l - a +0 cloak (worn)
 u - a +0 chain mail (worn)
Jewellery
 i - a ring of see invisible (left hand)
 t - a ring of protection from fire (right hand)
Magical devices
 x - a wand of confusion (19)
Scrolls
 b - 3 scrolls of teleportation
 e - a scroll of immolation {unknown}
 m - 2 scrolls of recharging {unknown}
 n - 2 scrolls of identify {unknown}
 v - a scroll of magic mapping {unknown}
 y - a scroll of remove curse {unknown}
Potions
 h - a potion of restore abilities
 p - a potion of might
 q - a potion of haste
Comestibles
 f - 4 bread rations
 g - 5 fruits
 s - 2 meat rations
 w - a chunk of flesh
 z - a slice of pizza


   Skills:
 - Level 2.0 Fighting
 + Level 5.7(5.8) Axes
 - Level 1.9(4.0) Polearms
 - Level 2.0 Throwing
 - Level 1.0 Dodging
 - Level 1.0 Spellcasting
   Level 1.0 Hexes
   Level 3.0 Necromancy


You had 7 spell levels left.
You didn't know any spells.

Dungeon Overview and Level Annotations

Branches:
Dungeon (4/15)
 Temple: D:4-7

Altars:
Okawaru


Message History

* * * LOW HITPOINT WARNING * * *
You feel sick.
Drink which item? (? for menu, Esc to quit)
It was a potion of resistance.
You feel protected.
Drink which item? (? for menu, Esc to quit)
Okay, then.
Drink which item? (? for menu, Esc to quit)
It was a potion of restore abilities.
You feel refreshed.
* * * LOW HITPOINT WARNING * * *
You feel sick.
Drink which item? (? for menu, Esc to quit)
It was a potion of haste.
You feel yourself speed up.
The phantom blinks!
You are very lightly contaminated with residual magic.
You puncture the phantom!
The phantom is moderately damaged.
You puncture the phantom!
The phantom is severely damaged.
The phantom hits you.
You die...

#.# ##.# . ##..# .
##...# # ###...##
## #...### .##
#.§## ..######
#†.# ..........##
#W@# ...........#
#..# ..# #..# #..#
..# ##..# #<.#
..### ##...# ##..#
....###....###...#
#.....<.....#....#
##...............#
##..)............#


You could see a phantom.

Vanquished Creatures
  The ghost of pzskc383 the Digger, an average GrEE (D:3)
  3 worker ants
  9 adders
  A giant mite (D:3)
  2 worms
  5 giant geckos
  2 oozes
  A ball python (D:1)
  5 giant cockroaches
  9 goblins
  6 hobgoblins
  7 jackals
  2 kobolds (D:3)
  A quokka (D:3)
  7 bats
  6 giant newts
  8 rats
75 creatures vanquished.

Notes
Turn   | Place    | Note
--------------------------------------------------------------
     0 | D:1      | KarvaRausku, the Human Wanderer, began the quest for the Orb.
     0 | D:1      | KarvaRausku set off with: a +2 spear, a scroll of teleportation, a potion of curing, a +0 robe, a bread ration
     0 | D:1      | Reached XP level 1. HP: 16/16 MP: 2/2
    65 | D:1      | Reached skill level 1 in Polearms
   138 | D:1      | Reached XP level 2. HP: 20/22 MP: 3/3
   860 | D:2      | Reached skill level 1 in Axes
   864 | D:2      | Reached XP level 3. HP: 11/27 MP: 4/4
  1098 | D:2      | Found an iron altar of Okawaru.
  1118 | D:2      | Reached XP level 4. HP: 12/33 MP: 5/5
  1135 | D:2      | Became a worshipper of Warmaster Okawaru
  1657 | D:3      | Noticed pzskc383's ghost (average GrEE)
  1706 | D:3      | Reached XP level 5. HP: 32/38 MP: 7/7
  1924 | D:3      | Killed pzskc383's ghost
  1924 | D:3      | Reached skill level 4 in Axes
  1924 | D:3      | Reached XP level 6. HP: 42/44 MP: 8/8
  2224 | D:3      | Reached skill level 5 in Axes
  2735 | D:4      | HP: 2/44 [poisoned by an adder]
  2740 | D:4      | Slain by a phantom

Action                   |  1- 3 |  4- 6 || total
-------------------------+-------+-------++-------
Melee: Spear             |   106 |   206 ||   312
  Use: Potion            |     1 |     5 ||     6
  Eat: Chunk             |     1 |     5 ||     6
